 Dungeon Crawl Stone Soup version 0.22.1-1-ga44c0e56f4 (webtiles) character file.

412050 Jynx the Impregnable (level 23, -8/160 HPs)
             Began as a Gargoyle Fighter on Oct 15, 2018.
             Was an Elder of Okawaru.
             Killed by the air
             ... invoked by a spriggan air mage
             ... led by the Enchantress
              (35 damage)
             ... on level 3 of the Depths.
             The game lasted 02:26:34 (56634 turns).

Jynx the Impregnable (Gargoyle Fighter)            Turns: 56634, Time: 02:26:35

Health: -8/160     AC: 54    Str: 30    XL:     23   Next: 52%
Magic:  31/31      EV: 13    Int: 12    God:    Okawaru [****..]
Gold:   1696       SH: 20    Dex: 20    Spells: 22/22 levels left

rFire    + + .     SeeInvis +   G - +8 mace of an ossuary {crush, +Blink rC- Int+4 Dex+2}
rCold    + + .     Gourm    .   T - +0 shield {reflect}
rNeg     + + +     Faith    .   I - +2 storm dragon scales of Okawaru's Regard {rElec rPois rN+ Str+3 Dex-4}
rPois    ∞         Spirit   .   g - +2 helmet "Panacud" {rN+}
rElec    +         Reflect  +   q - +0 cloak {MR+}
rCorr    +         Harm     .   O - +0 pair of gloves "Naliud" {rPois rF+ Int-4 Dex+9}
MR       +++..                  c - +2 pair of boots
Stlth    +.........             Z - amulet of Etucse {Acrobat MR+ Dex+4 Slay+5}
HPRegen  0.36/turn              J - ring of Louw {rCorr rC++ Dex-2 Stlth+}
MPRegen  0.22/turn              m - ring of Qatol {Str+2 Slay+5 SInv}

@: resistant, heroism, flying
A: big wings, negative energy resistance 1, electricity resistance, unbreathing,
petrification resistance, rot immunity, AC +17
}: 2/15 runes: barnacled, gossamer
a: Stop Flying, Heroism, Renounce Religion, Evoke Blink


You were on level 3 of the Depths.
You worshipped Okawaru.
Okawaru was greatly pleased with you.
You were hungry.

You visited 7 branches of the dungeon, and saw 38 of its levels.

You collected 4566 gold pieces.
You spent 2870 gold pieces at shops.

Inventory:

Hand Weapons
 G - the +8 mace of an ossuary (weapon) {crush, +Blink rC- Int+4 Dex+2}
   (You found it on level 8 of the Dungeon)

   It inflicts extra damage upon your enemies.
   It affects your intelligence (+4).
   It affects your dexterity (+2).
   It makes you vulnerable to cold.
   It lets you blink.
 V - the +7 mace "Jeomam" {drain, *Contam rN+ Str+3}
   (Okawaru gifted it to you on level 4 of the Spider Nest)

   A truly terrible weapon, it drains the life of those it strikes.
   It affects your strength (+3).
   It protects you from negative energy.
   It causes magical contamination when unequipped.
Armour
 c - a +2 pair of boots (worn)
 g - the +2 helmet "Panacud" (worn) {rN+}
   (You bought it in a shop on level 9 of the Dungeon)

   It protects you from negative energy.
 q - a +0 cloak of magic resistance (worn)
 I - the +2 storm dragon scales of Okawaru's Regard (worn) {rElec rPois rN+ Str+3 Dex-4}
   (Okawaru gifted it to you on level 4 of the Vaults)

   It affects your strength (+3).
   It affects your dexterity (-4).
   It insulates you from electricity.
   It protects you from poison.
   It protects you from negative energy.
 O - the +0 pair of gloves "Naliud" (worn) {rPois rF+ Int-4 Dex+9}
   (You bought it in a shop on level 3 of the Vaults)

   It affects your intelligence (-4).
   It affects your dexterity (+9).
   It protects you from fire.
   It protects you from poison.
 Q - a scarf of resistance
 T - a +0 shield of reflection (worn)
Jewellery
 a - an uncursed amulet of harm
 i - an uncursed ring of protection from fire
 m - the ring of Qatol (right hand) {Str+2 Slay+5 SInv}
   (You bought it in a shop on level 2 of the Orcish Mines)

   [ring of slaying]

   It affects your strength (+2).
   It affects your accuracy and damage with ranged weapons and melee attacks
   (+5).
   It lets you see invisible.
 r - an uncursed ring of protection from cold
 J - the ring of Louw (left hand) {rCorr rC++ Dex-2 Stlth+}
   (You found it on level 4 of the Shoals)

   [ring of resist corrosion]

   It affects your dexterity (-2).
   It greatly protects you from cold.
   It makes you more stealthy.
 N - an uncursed ring of positive energy
 Y - an uncursed ring of resist corrosion
 Z - the amulet of Etucse (around neck) {Acrobat MR+ Dex+4 Slay+5}
   (You found it on level 1 of the Vaults)

   [amulet of the acrobat]

   It helps you evade while moving and waiting.
   It affects your dexterity (+4).
   It affects your accuracy and damage with ranged weapons and melee attacks
   (+5).
   It affects your resistance to hostile enchantments.
Wands
 n - a wand of flame (18)
 p - a wand of paralysis (18)
 t - a wand of polymorph (18)
 y - a wand of enslavement (27)
 A - a wand of iceblast (35)
 W - a wand of digging (22)
 X - a wand of disintegration (20)
Scrolls
 b - a scroll of holy word
 d - 4 scrolls of fog
 k - 20 scrolls of remove curse
 l - 9 scrolls of teleportation
 o - 10 scrolls of enchant armour
 x - 4 scrolls of magic mapping
 B - 10 scrolls of immolation
 D - 8 scrolls of enchant weapon
 F - 7 scrolls of blinking
 H - a scroll of silence
 L - 3 scrolls of summoning
 R - a scroll of identify
Potions
 e - 7 potions of lignification
 h - 9 potions of haste
 j - 2 potions of mutation {unknown}
 s - 17 potions of curing
 v - 3 potions of resistance
 w - 5 potions of ambrosia
 z - 4 potions of brilliance
 C - 5 potions of invisibility
 K - 3 potions of degeneration {unknown}
 M - 2 potions of agility
 P - 3 potions of might
 U - 4 potions of berserk rage
Miscellaneous
 u - a phial of floods
 S - 3 phantom mirrors
Comestibles
 f - 49 rations
 E - 3 chunks of flesh


   Skills:
 + Level 21.1(26.1) Fighting
 - Level 20.7(25.7) Maces & Flails
 + Level 21.1(26.1) Armour
 + Level 20.7(25.7) Shields
 - Level 10.9 Invocations


You had 22 spell levels left.
You didn't know any spells.
Your spell library contained the following spells:

 Spells                   Type           Power        Failure   Level  Hunger
 Animate Skeleton         Necr           N/A          56%         1    ##.....
 Beastly Appendage        Tmut           #.....       56%         1    ##.....
 Confusing Touch          Hex            #.....       56%         1    ##.....
 Corona                   Hex            #......      56%         1    ##.....
 Infusion                 Chrm           #...         56%         1    ##.....
 Pain                     Necr           #...         56%         1    ##.....
 Sting                    Conj/Pois      #...         56%         1    ##.....
 Ensorcelled Hibernation  Hex/Ice        #.....       71%         2    ###....
 Poisonous Vapours        Pois/Air       #.....       71%         2    ###....
 Shroud of Golubria       Chrm/Tloc      #.........   71%         2    ###....
 Song of Slaying          Chrm           #.......     71%         2    ###....
 Sticks to Snakes         Tmut           #.......     71%         2    ###....
 Confuse                  Hex            #.......     90%         3    ####...
 Conjure Flame            Conj/Fire      #.......     90%         3    ####...
 Dazzling Spray           Conj/Hex       #.....       90%         3    ####...
 Gell's Gravitas          Tloc           #.........   90%         3    ####...
 Mephitic Cloud           Conj/Pois/Air  #.......     90%         3    ####...
 Regeneration             Chrm/Necr      #.........   90%         3    ####...
 Spectral Weapon          Hex/Chrm       #.......     90%         3    ####...
 Spider Form              Tmut/Pois      #.........   90%         3    ####...
 Static Discharge         Conj/Air       #.......     90%         3    ####...
 Tukima's Dance           Hex            #.......     90%         3    ####...
 Vampiric Draining        Necr           #.........   90%         3    ####...
 Animate Dead             Necr           N/A          100%        4    #####..
 Ice Form                 Ice/Tmut       #.......     100%        4    #####..
 Olgreb's Toxic Radiance  Pois           #.......     100%        4    #####..
 Petrify                  Tmut/Erth      #.......     100%        4    #####..
 Blade Hands              Tmut           #.........   100%        5    ######.
 Lightning Bolt           Conj/Air       #.........   100%        5    ######.
 Metabolic Englaciation   Hex/Ice        #.........   100%        5    ######.
 Venom Bolt               Conj/Pois      #.........   100%        5    ######.
 Yara's Violent Unravell  Hex/Tmut       #.........   100%        5    ######.
 Darkness                 Hex            #.........   100%        6    #######
 Freezing Cloud           Conj/Ice/Air   #.........   100%        6    #######
 Hydra Form               Tmut           #.........   100%        6    #######
 Invisibility             Hex            #.......     100%        6    #######
 Ozocubu's Refrigeration  Ice            #.........   100%        6    #######
 Simulacrum               Ice/Necr       #.........   100%        6    #######
 Ring of Flames           Chrm/Fire      #.........   100%        7    #######
 Spellforged Servitor     Conj/Summ      #.........   100%        7    #######
 Summon Hydra             Summ           #.........   100%        7    #######
 Ignition                 Fire           #.........   100%        8    #######
 Shatter                  Erth           #.........   100%        9    #######
 Tornado                  Air            #.........   100%        9    #######
 Statue Form              Tmut/Erth      Unusable     N/A         6    N/A

Dungeon Overview and Level Annotations

Branches:
Dungeon (15/15)            Temple (0/1) D:7            Lair (6/6) D:8
 Shoals (4/4) Lair:4       Spider (4/4) Lair:2        Slime (0/5) Lair:5
    Orc (2/2) D:10            Elf (0/3) Orc:2        Vaults (4/5) D:14
  Crypt (0/3) Vaults:3     Depths (3/5) D:15

Altars:
Ashenzari
Elyvilon
Hepliaklqana
Okawaru
Qazlal
Yredelemnul
The Shining One

Shops:
D:9 }([[!   Orc:1 *   Orc:2 ?(=?   Vaults:3 [   Vaults:4 %   Depths:2 (

Portals:
Hell: Depths:1 Depths:2 Depths:3
Abyss: Depths:1
Pandemonium: Depths:2
Trove: D:15 (give 22 scrolls of identify)

Annotations:
Depths:1 3 runed doors, LiquoriceLizzard's ghost, journeyman DDFi
Depths:3 the Enchantress


Innate Abilities, Weirdness & Mutations

You are resistant to torment.
Your stone body is resilient. (AC +17)
You are immune to poison.
Your large and strong wings let you fly indefinitely.
You resist negative energy. (rN+)
You are resistant to electric shocks. (rElec)
You can survive without breathing.
You are immune to petrification.
You are immune to rotting.


Message History

You hit the fire dragon.
The fire dragon is lightly wounded.
The spriggan defender hits you with a demon whip of venom!
The fire dragon bites you but does no damage.
The fire dragon claws you but does no damage.
The fire dragon misses you.
You hit the fire dragon.
The fire dragon is lightly wounded.
The spriggan defender hits you but does no damage.
The spriggan air mage waves its arms in wide circles.
The air twists around and violently strikes you in flight!
* * * LOW HITPOINT WARNING * * *
You hit the fire dragon but do no damage.
The fire dragon is lightly wounded.
The spriggan defender hits you but does no damage.
The fire dragon breathes flames at you. The blast of flame hits you!
The spriggan air mage waves its arms in wide circles.
The air twists around and violently strikes you in flight!
You die...

#.... .#....#
i...... # .
.......#. .#
.......i# .#
......ii## .#
.≈≈ii..iL## .#
≈≈≈P....#i##.#
≈≈P≈....##@D#
≈≈PP....###...#
≈≈P≈E.... ####
P≈≈P....#
≈≈m≈♣>.##
≈≈≈≈♣..


You could see the Enchantress (invisible), a fire dragon, a lich, 2 spriggan
defenders, a spriggan berserker and a spriggan air mage.

Vanquished Creatures
  A caustic shrike (Depths:2)
  2 liches
  2 krakens (Shoals:4)
  The ghost of Uggef the Unseen, an adept VSBe of Trog (Vaults:1)
  3 sphinxes
  Polyphemus (Shoals:3)
  Gastronok (Lair:2)
  An ancient champion (Depths:1)
  Agnes (D:14)
  Donald (Orc:2)
  Kirke (Lair:6)
  A deep elf sorcerer (Vaults:3)
  16 vault wardens
  2 fire giants (Depths:2)
  4 frost giants
  5 ghost moths
  8 emperor scorpions
  A ghoul (Vaults:1)
  18 very ugly things
  12 ironheart preservers
  A war gargoyle (Vaults:2)
  14 stone giants
  8 entropy weavers
  3 deep elf demonologists
  A spriggan defender (Depths:3)
  Nessos (Lair:4)
  A spark wasp (Depths:2)
  5 ettins
  Snorg (D:14)
  5 merfolk javelineers
  6 fire dragons
  10 merfolk impalers
  A deep elf death mage (Vaults:2)
  18 vault guards
  7 yaktaur captains
  3 great orbs of eyes
  3 ice dragons
  6 spriggan air magi (Depths:2)
  Erolcha (Orc:2)
  8 hydras
  7 rakshasas
  Harold (Lair:2)
  A hell beast (Depths:1)
  6 centaur warriors
  7 merfolk avatars
  8 merfolk aquamancers
  5 death knights
  14 ogre magi
  39 two-headed ogres
  2 catoblepae
  A vampire mage (Depths:2)
  5 hell knights (Depths:1)
  3 orc high priests (Orc:2)
  7 tengu warriors
  5 deep troll earth magi
  6 death yaks
  6 deep troll shamans
  Urug (Lair:6)
  4 spriggan berserkers (Depths:2)
  7 deep elf knights
  3 iron trolls
  13 skeletal warriors
  10 sea snakes
  A golden dragon zombie (Depths:1)
  3 glowing orange brains
  2 unseen horrors
  2 wizards (Depths:1)
  4 flayed ghosts
  19 deep trolls
  5 deep elf archers
  24 ironbrand convokers
  5 necromancers
  3 phantasmal warriors
  A sphinx zombie (Depths:1)
  16 orc knights
  A frost giant zombie (Depths:1)
  32 wolf spiders
  18 orb spiders
  72 ugly things
  10 manticores
  A harpy (Shoals:4)
  4 orc sorcerers
  A wolf spider (shapeshifter) (Depths:2)
  A sphinx skeleton (Depths:1)
  A fire giant zombie (D:15)
  19 deep elf magi
  16 fauns
  A salamander (Depths:3)
  Maurice (Orc:2)
  5 cyclopes
  2 salamanders (shapeshifter) (Depths:1)
  18 elephants
  9 merfolk sirens
  3 moths of wrath
  A centaur zombie (D:14)
  5 water nymphs
  3 torpor snails
  An ice statue (Lair:5)
  3 black mambas
  4 gargoyles
  18 vault sentinels
  A hellion (Depths:3)
  3 spriggan zombies
  9 spiny frogs
  43 yaktaurs
  A rime drake (shapeshifter) (Vaults:2)
  5 komodo dragons
  A yaktaur skeleton (Depths:1)
  A kobold demonologist (D:15)
  A spriggan skeleton (Depths:1)
  5 freezing wraiths
  11 demonic crawlers
  An ice devil (Depths:1)
  9 meliai
  6 red devils
  2 tengu conjurers
  A troll (shapeshifter) (Depths:2)
  31 merfolk
  12 trolls
  29 jumping spiders
  19 hornets
  13 polar bears
  A wolf spider simulacrum (D:15)
  A deep troll zombie (D:15)
  5 wind drakes
  A slime creature (shapeshifter) (Depths:1)
  5 dream sheep (Lair:6)
  12 hippogriffs
  14 snapping turtles
  27 slime creatures
  A fire giant simulacrum (Depths:1)
  13 blink frogs
  2 centaur simulacra
  A spriggan (shapeshifter) (Vaults:2)
  11 water elementals
  8 wyverns
  A vampire (D:10)
  11 spriggans
  33 tarantellas
  81 redbacks
  4 wraiths
  58 yaks
  5 shadows
  A deep troll skeleton (D:15)
  7 hungry ghosts
  4 hogs
  A spriggan simulacrum (Depths:1)
  A basilisk (shapeshifter) (Depths:2)
  A basilisk (D:14)
  A human simulacrum (Vaults:2)
  6 vampire mosquitoes
  8 wargs
  A tengu zombie (Depths:1)
  2 soldier ants (D:9)
  9 water moccasins
  An acid dragon (D:12)
  2 hell hounds (Depths:3)
  9 porcupines
  28 orc warriors
  2 phantoms
  4 black bears
  5 sky beasts
  17 boggarts
  An ettin simulacrum (Depths:1)
  31 ogres
  An eye of draining (D:12)
  5 ice beasts
  31 wolves
  14 centaurs
  6 big kobolds
  9 crocodiles
  A big kobold (shapeshifter) (Vaults:1)
  20 bullfrogs
  2 scorpions
  5 wights
  6 howler monkeys
  4 electric eels
  11 jellies
  13 crimson imps
  A quasit (D:13)
  A wyvern simulacrum (D:10)
  7 hounds
  2 bullfrog zombies
  2 bullfrog skeletons
  Crazy Yiuf (D:4)
  20 orc priests
  22 orc wizards
  An iron imp (Depths:2)
  3 centaur skeletons
  3 iguanas
  Natasha (thrice) (D:3)
  2 hell rats (D:14)
  13 worker ants
  Robin (D:3)
  4 gnolls (D:4)
  4 river rats (D:14)
  21 adders
  5 shadow imps
  7 white imps
  A worker ant simulacrum (D:10)
  3 ufetubi (D:10)
  7 oozes
  2 worms
  2 dart slugs
  An adder simulacrum (D:10)
  5 leopard geckos
  97 orcs
  3 ball pythons
  15 giant cockroaches
  18 goblins
  11 hobgoblins
  23 jackals
  26 kobolds
  7 quokkas
  7 bats
  2 frilled lizards
  A jackal zombie (D:6)
  A quokka skeleton (D:10)
  16 rats
  3 plants
  5 tentacles (Shoals:4)
1829 creatures vanquished.

Vanquished Creatures (others)
  A stone giant (Depths:2)
  A vampire knight (Depths:2)
  2 merfolk javelineers (Shoals:4)
  4 centaur warriors
  A satyr (Shoals:4)
  An ogre mage (Vaults:1)
  A vampire mage (Depths:2)
  2 fauns
  A cyclops (Shoals:4)
  3 yaktaurs
  A demonic crawler (Spider:4)
  A polar bear (Lair:5)
  2 orc warriors
  3 centaurs
  A white imp (Lair:5)
  2 orcs
  A kobold (D:15)
  27 fungi
  31 plants
  23 tentacles (Shoals:4)
  4 withered plants (D:15)
113 creatures vanquished.

Grand Total: 1942 creatures vanquished

Notes
Turn   | Place    | Note
-------+----------+-------------------------------------------
     0 | D:1      | Jynx the Gargoyle Fighter began the quest for the Orb.
     0 | D:1      | Reached XP level 1. HP: 14/14 MP: 1/1
   106 | D:1      | Reached XP level 2. HP: 19/19 MP: 2/2
   466 | D:1      | Reached XP level 3. HP: 23/23 MP: 3/3
  1220 | D:2      | Reached XP level 4. HP: 27/28 MP: 4/4
  1522 | D:3      | Noticed Robin
  1554 | D:3      | Killed Robin
  1764 | D:3      | Found an iron altar of Okawaru.
  1771 | D:3      | Noticed a bullfrog
  1773 | D:3      | Reached skill level 5 in Maces & Flails
  1781 | D:3      | Killed a bullfrog
  1781 | D:3      | Reached XP level 5. HP: 24/32 MP: 5/5
  1790 | D:3      | Paralysed by a hobgoblin for 6 turns
  1799 | D:3      | Paralysed by a hobgoblin for 2 turns
  1978 | D:3      | Became a worshipper of Warmaster Okawaru
  2101 | D:3      | Reached XP level 6. HP: 31/37 MP: 6/6
  2356 | D:3      | Noticed Natasha
  2363 | D:3      | Killed Natasha
  2419 | D:3      | Found a faded altar of an unknown god.
  2419 | D:3      | Found a hazy altar of Hepliaklqana.
  2426 | D:3      | Found a glowing golden altar of the Shining One.
  2428 | D:3      | Found a white marble altar of Elyvilon.
  2429 | D:3      | Found a faded altar of an unknown god.
  2480 | D:3      | Noticed Natasha
  2501 | D:3      | Killed Natasha
  2677 | D:3      | Noticed Natasha
  2686 | D:3      | Killed Natasha
  2796 | D:4      | Found a stormy altar of Qazlal.
  2917 | D:4      | Reached XP level 7. HP: 33/41 MP: 7/7
  3497 | D:4      | Found a runed door.
  3669 | D:4      | Reached * piety under Okawaru
  3849 | D:4      | Noticed Crazy Yiuf
  3857 | D:4      | Killed Crazy Yiuf
  4005 | D:5      | Entered Level 5 of the Dungeon
  4406 | D:5      | Reached XP level 8. HP: 45/46 MP: 5/8
  5037 | D:6      | Reached ** piety under Okawaru
  5037 | D:6      | Reached skill level 10 in Maces & Flails
  5117 | D:6      | Noticed a wyvern
  5129 | D:6      | Killed a wyvern
  5578 | D:6      | Reached XP level 9. HP: 33/51 MP: 9/9
  6883 | D:7      | Found a staircase to the Ecumenical Temple.
  7214 | D:8      | Reached *** piety under Okawaru
  7773 | D:8      | Noticed a two-headed ogre
  7785 | D:8      | Killed a two-headed ogre
  7785 | D:8      | Reached skill level 5 in Fighting
  7785 | D:8      | Reached skill level 5 in Armour
  7785 | D:8      | Reached XP level 10. HP: 32/59 MP: 7/10
  8214 | D:8      | Found a staircase to the Lair.
  8230 | D:8      | Got a bloodstained mace
  8231 | D:8      | Identified the +8 mace of an ossuary {crush, +Blink rC-
                  | Int+4 Dex+2} (You found it on level 8 of the Dungeon)
  8464 | D:8      | You fall through a shaft for 3 floors!
  8520 | D:11     | Reached **** piety under Okawaru
  8576 | D:11     | Noticed a green ugly thing
  8585 | D:11     | Killed a green ugly thing
  8670 | D:10     | Entered Level 10 of the Dungeon
  8670 | D:10     | Found a staircase to the Orcish Mines.
  9070 | D:9      | Found Niguwih's Antique Weapon Boutique.
  9073 | D:9      | Found the +8 mithril axe "Arga" {speed, MR+}
  9151 | D:9      | Found Maibalat's Gadget Shop.
  9206 | D:9      | Reached skill level 5 in Shields
  9250 | D:9      | Reached XP level 11. HP: 67/67 MP: 11/11
  9294 | D:9      | Reached ***** piety under Okawaru
  9345 | D:9      | Found Ugeo's Antique Armour Emporium.
  9348 | D:9      | Bought an ichor-stained helmet for 285 gold pieces
  9353 | D:9      | Identified the +2 helmet "Panacud" {rN+} (You bought it in
                  | a shop on level 9 of the Dungeon)
  9403 | D:9      | Found Ynimom's Distillery.
  9446 | D:9      | Found Qumnapne's Antique Armour Shop.
  9499 | D:10     | Noticed a two-headed ogre
  9519 | D:10     | Killed a two-headed ogre
  9890 | D:10     | Noticed a two-headed ogre
  9901 | D:10     | Killed a two-headed ogre
 10916 | D:11     | Noticed a green ugly thing
 10928 | D:11     | Killed a green ugly thing
 11062 | D:11     | Received a gift from Okawaru
 11322 | D:12     | Noticed a two-headed ogre
 11342 | D:12     | Killed a two-headed ogre
 11637 | D:12     | Noticed a two-headed ogre
 11637 | D:12     | Noticed a manticore
 11652 | D:12     | Killed a manticore
 11659 | D:12     | Killed a two-headed ogre
 11659 | D:12     | Reached XP level 12. HP: 69/76 MP: 10/12
 13082 | D:13     | Reached skill level 10 in Fighting
 13086 | D:13     | Reached skill level 10 in Armour
 13102 | D:13     | Received a gift from Okawaru
 13540 | D:13     | Noticed a two-headed ogre
 13555 | D:13     | Killed a two-headed ogre
 14157 | D:14     | Noticed a vault guard
 14160 | D:14     | Noticed a vault guard
 14166 | D:14     | Noticed a vault guard
 14172 | D:14     | Noticed a vault guard
 14172 | D:14     | Noticed a vault guard
 14202 | D:14     | Killed a vault guard
 14204 | D:14     | Noticed a vault guard
 14227 | D:14     | Killed a vault guard
 14227 | D:14     | Reached skill level 10 in Shields
 14227 | D:14     | Reached XP level 13. HP: 51/84 MP: 6/13
 14242 | D:14     | Killed a vault guard
 14254 | D:14     | Killed a vault guard
 14254 | D:14     | Received a gift from Okawaru
 14269 | D:14     | Killed a vault guard
 14271 | D:14     | Noticed a vault guard
 14279 | D:14     | Noticed a rakshasa
 14290 | D:14     | Killed a vault guard
 14535 | D:14     | Noticed Agnes
 14559 | D:14     | Killed Agnes
 14764 | D:14     | Noticed a vault guard
 14764 | D:14     | Noticed Snorg
 14802 | D:14     | Killed Snorg
 14816 | D:14     | Killed a vault guard
 15107 | D:14     | Got an ichor-stained scale mail {god gift}
 15118 | D:14     | Identified the +1 scale mail of Protective Custody {+Fly
                  | rF+ Str-4} (Okawaru gifted it to you on level 14 of the
                  | Dungeon)
 15146 | D:14     | Found a gate to the Vaults.
 15896 | D:14     | Killed a rakshasa
 16244 | D:14     | Reached skill level 1 in Invocations
 16398 | D:14     | Received a gift from Okawaru
 16638 | D:15     | Entered Level 15 of the Dungeon
 16805 | Lair:1   | Entered Level 1 of the Lair of Beasts
 17218 | Lair:1   | Gained mutation: Your large and strong wings let you fly
                  | indefinitely. [Gargoyle growth]
 17218 | Lair:1   | Reached XP level 14. HP: 81/92 MP: 16/16
 17515 | Lair:1   | Found a basalt altar of Yredelemnul.
 17795 | Lair:2   | Noticed Gastronok
 17821 | Lair:2   | Killed Gastronok
 17888 | Lair:2   | Noticed Harold
 17908 | Lair:2   | Killed Harold
 17937 | Lair:2   | Reached skill level 5 in Invocations
 18062 | Lair:2   | Found a hole to the Spider Nest.
 18367 | Lair:2   | Received a gift from Okawaru
 19786 | Lair:4   | Found a runed door.
 19961 | Lair:4   | Found the +4 robe of Augmentation {Str+4 Int+4 Dex+4}
 20297 | Lair:4   | Found a staircase to the Shoals.
 20366 | Lair:4   | Noticed Nessos
 20383 | Lair:4   | Killed Nessos
 20568 | Lair:4   | Received a gift from Okawaru
 20568 | Lair:4   | Reached XP level 15. HP: 91/99 MP: 13/21
 20590 | Lair:4   | Got a warped granite ring
 21198 | Lair:5   | Found a staircase to the Slime Pits.
 22162 | Lair:5   | Identified Sif Muna's Advanced Steps in Wizardry
 22309 | Lair:6   | Entered Level 6 of the Lair of Beasts
 22719 | Lair:6   | Reached skill level 10 in Invocations
 23101 | Lair:6   | Noticed Urug
 23131 | Lair:6   | Killed Urug
 23155 | Lair:6   | Identified the ring "Igahujib" {-Tele rC+ rN+ Stlth+} (You
                  | found it on level 4 of the Lair of Beasts)
 23282 | Lair:6   | Noticed Kirke
 23335 | Lair:5   | HP: 1/100 [hog[Kirke] (11)]
 23804 | Lair:6   | Killed Kirke
 24272 | Orc:1    | Entered Level 1 of the Orcish Mines
 24272 | Orc:1    | Found Vymeut's General Store.
 24730 | Orc:2    | Entered Level 2 of the Orcish Mines
 24747 | Orc:2    | Found a staircase to the Elven Halls.
 24853 | Orc:2    | Noticed Donald
 24875 | Orc:2    | Killed Donald
 24963 | Orc:2    | Noticed Erolcha
 24970 | Orc:2    | Killed Erolcha
 24970 | Orc:2    | Received a gift from Okawaru
 25477 | Orc:2    | Noticed Maurice
 25494 | Orc:2    | Killed Maurice
 26114 | Orc:2    | Reached XP level 16. HP: 106/106 MP: 22/24
 26561 | Orc:2    | Paralysed by an orc sorcerer for 3 turns
 26835 | Orc:2    | Found Tomaitadd's Magic Scroll Emporium.
 26835 | Orc:2    | Found Uway's Magic Scroll Shop.
 26849 | Orc:2    | Found Kufrupp's Weapon Emporium.
 26849 | Orc:2    | Found Hysinoupn's Jewellery Shop.
 26862 | Orc:2    | Bought the ring of Qatol {Str+2 Slay+5 SInv} for 2223 gold
                  | pieces
 27137 | Shoals:1 | Entered Level 1 of the Shoals
 27263 | Shoals:1 | Found a frozen archway.
 27835 | Shoals:1 | Reached skill level 15 in Maces & Flails
 28344 | Shoals:2 | Received a gift from Okawaru
 29364 | Shoals:3 | Reached skill level 15 in Fighting
 29364 | Shoals:3 | Reached skill level 15 in Armour
 29434 | Shoals:3 | Noticed Polyphemus
 30612 | Shoals:3 | Killed Polyphemus
 30744 | Shoals:4 | Entered Level 4 of the Shoals
 30753 | Shoals:4 | Reached XP level 17. HP: 113/113 MP: 25/25
 30943 | Shoals:4 | Got a glittering marble ring
 31021 | Shoals:4 | Noticed a kraken
 31587 | Shoals:4 | Killed a kraken
 31587 | Shoals:4 | Reached skill level 15 in Shields
 31784 | Shoals:4 | Got a barnacled rune of Zot
 32340 | Shoals:4 | Noticed a kraken
 32434 | Shoals:4 | Killed a kraken
 33077 | Shoals:4 | Got a crude lead amulet
 33117 | Shoals:4 | Identified the amulet "Niwew" {Reflect rPois SH+4} (You
                  | took it off a merfolk on level 4 of the Shoals)
 33119 | Shoals:4 | Identified the ring of Louw {rCorr rC++ Dex-2 Stlth+} (You
                  | found it on level 4 of the Shoals)
 33236 | Shoals:4 | Reached ****** piety under Okawaru
 33569 | Shoals:4 | Identified the Collected Works on Slavery and Protection
 33840 | Spider:1 | Entered Level 1 of the Spider Nest
 33845 | Spider:1 | Received a gift from Okawaru
 34670 | Spider:1 | Reached XP level 18. HP: 93/120 MP: 26/26
 35976 | Spider:2 | Received a gift from Okawaru
 36943 | Spider:4 | Entered Level 4 of the Spider Nest
 39447 | Spider:4 | Received a gift from Okawaru
 39688 | Spider:4 | Reached XP level 19. HP: 104/128 MP: 27/27
 39947 | Spider:4 | Received a gift from Okawaru
 39950 | Spider:4 | Got an iridescent mace {god gift}
 39953 | Spider:4 | Got a gossamer rune of Zot
 41306 | D:15     | Found a portal to a secret trove of treasure.
 42172 | D:15     | Found a staircase to the Depths.
 42672 | Vaults:1 | Entered Level 1 of the Vaults
 42976 | Vaults:1 | Received a gift from Okawaru
 43371 | Vaults:1 | Found a runed door.
 43405 | Vaults:1 | Noticed a Brimstone Fiend
 43530 | Vaults:1 | You are sucked into a shaft!
 44558 | Vaults:1 | Reached XP level 20. HP: 120/136 MP: 28/28
 45246 | Vaults:1 | Noticed Uggef's ghost (adept VSBe)
 45267 | Vaults:1 | Killed Uggef's ghost
 45267 | Vaults:1 | Received a gift from Okawaru
 45287 | Vaults:1 | Got a vibrating ruby amulet
 47228 | Vaults:2 | Identified the amulet of Etucse {Acrobat MR+ Dex+4 Slay+5}
                  | (You found it on level 1 of the Vaults)
 47338 | Vaults:3 | Received a gift from Okawaru
 47577 | Vaults:3 | Reached XP level 21. HP: 43/143 MP: 29/29
 48237 | Vaults:3 | Received a gift from Okawaru
 49112 | Vaults:3 | Found Zakash's Armour Shop.
 49213 | Vaults:3 | Bought the cursed +0 pair of gloves "Naliud" {rPois rF+
                  | Int-4 Dex+9} for 362 gold pieces
 49224 | Vaults:3 | Identified the +7 mace "Jeomam" {drain, *Contam rN+ Str+3}
                  | (Okawaru gifted it to you on level 4 of the Spider Nest)
 49367 | Vaults:3 | Found a staircase to the Crypt.
 49469 | Vaults:4 | Got a fine ring mail
 49480 | Vaults:4 | Identified the cursed +0 ring mail of Understanding {Regen+
                  | Str-2 Int+3} (You found it on level 4 of the Vaults)
 50185 | Vaults:4 | Received a gift from Okawaru
 50186 | Vaults:4 | Got smelly storm dragon scales {god gift}
 50427 | Vaults:4 | Identified the +2 storm dragon scales of Okawaru's Regard
                  | {rElec rPois rN+ Str+3 Dex-4} (Okawaru gifted it to you on
                  | level 4 of the Vaults)
 50668 | Vaults:4 | Found Maseajaet's Food Boutique.
 50701 | Vaults:4 | Reached XP level 22. HP: 139/151 MP: 30/30
 51472 | Depths:1 | Entered Level 1 of the Depths
 51557 | Depths:1 | Found a shattered altar of Ashenzari.
 52081 | Depths:1 | Received a gift from Okawaru
 52095 | Depths:1 | Got a pair of pitted boots {god gift}
 52106 | Depths:1 | Identified the +1 pair of boots of Complete Protection {rC+
                  | Str+5 Slay-5} (Okawaru gifted it to you on level 1 of the
                  | Depths)
 52122 | Depths:1 | Found a one-way gate to the infinite horrors of the Abyss.
 52144 | Depths:1 | Found a gateway to Hell.
 52924 | Depths:1 | Found a runed gate.
 52924 | Depths:1 | Found a runed gate.
 52924 | Depths:1 | Found a runed gate.
 52927 | Depths:1 | Noticed LiquoriceLizzard's ghost (journeyman DDFi)
 53859 | Depths:2 | Noticed a caustic shrike
 53870 | Depths:2 | Killed a caustic shrike
 54015 | Depths:2 | Found a one-way gate leading to the halls of Pandemonium.
 54246 | Depths:2 | Reached XP level 23. HP: 78/158 MP: 31/31
 55333 | Depths:2 | Received a gift from Okawaru
 55675 | Depths:2 | Found Derhana's Weapon Shop.
 56615 | Depths:3 | Noticed the Enchantress
 56634 | Depths:3 | Killed from afar by a spriggan air mage

Skill      XL: |  1  2  3  4  5  6  7  8  9 10 11 12 13 14 15 16 17 18 19 20 21 22 23 |
---------------+----------------------------------------------------------------------+-----
Maces & Flails | 3 4 5 6 7 9 11 12 13 14 16 17 18 19 20 | 20.7
Fighting       | 5 7 9 11 12 13 14 15 16 17 18 19 20 21 | 21.1
Armour         | 5 7 9 11 12 13 14 15 16 17 18 19 20 21 | 21.1
Shields        | 5 7 10 11 12 13 14 15 16 17 18 19 20 | 20.7
Invocations    | 3 8 10 | 10.9

Action                   |  1- 3 |  4- 6 |  7- 9 | 10-12 | 13-15 | 16-18 | 19-21 | 22-24 || total
-------------------------+-------+-------+-------+-------+-------+-------+-------+-------++-------
Melee: Flail             |   174 |   282 |   521 |    92 |       |       |       |       ||  1069
       Mace              |       |       |       |   767 |  1817 |  2093 |  2115 |  1056 ||  7848
       Unarmed           |       |       |       |       |     7 |       |       |       ||     7
Invok: Heroism           |       |       |    10 |    16 |    41 |    36 |    38 |    21 ||   162
       Finesse           |       |       |       |     2 |    14 |     7 |     7 |     9 ||    39
 Abil: Fly               |       |       |       |       |     1 |       |       |       ||     1
  Use: Potion            |       |     2 |       |       |     8 |     2 |     1 |     1 ||    14
       Scroll            |       |     1 |     6 |     4 |    20 |    12 |    10 |     7 ||    60
 Stab: Distracted        |       |       |     1 |       |       |       |       |       ||     1
  Eat: Chunk             |     1 |     6 |    13 |    24 |    40 |    38 |    31 |    19 ||   172
       Ration            |       |       |     3 |       |       |     2 |     2 |       ||     7
Armor: Scale mail        |   122 |   142 |   138 |       |       |       |       |       ||   402
       Chain mail        |       |       |   100 |   358 |   677 |       |       |       ||  1135
       Plate armour      |       |       |       |       |    51 |  1260 |   685 |       ||  1996
       Storm dragon scal |       |       |       |       |       |       |    20 |   493 ||   513
Dodge: Dodged            |    50 |    90 |    92 |   144 |   526 |   834 |   422 |   336 ||  2494
Block: Shield            |   111 |   141 |   209 |   342 |  1073 |  1672 |  1189 |   829 ||  5566
       Reflection        |       |       |       |       |     1 |    60 |    64 |    77 ||   202
